 Dungeon Crawl Stone Soup version 0.21-a0-153-g78480df (webtiles) character file.

22 terra52 the Shield-Bearer (level 3, 0/30 HPs)
             Began as a Formicid Fighter on Aug 1, 2017.
             Slain by a leopard gecko (1 damage)
             ... on level 1 of the Dungeon.
             The game lasted 00:01:22 (407 turns).

terra52 the Shield-Bearer (Formicid Fighter)         Turns: 407, Time: 00:01:23

Health: 0/30       AC:  7    Str: 20    XL:     3   Next: 7%
Magic:  3/3        EV:  8    Int:  7    God:
Gold:   28         SH:  9    Dex: 11    Spells: 2/2 levels left

rFire    . . .     SeeInvis +   a - +0 flail
rCold    . . .     Gourm    .   c - +0 shield
rNeg     . . .     Faith    .   b - +0 scale mail
rPois    .         Spirit   .   (helmet unavailable)
rElec    .         Reflect  .   (no cloak)
rCorr    .         Harm     .   (no gloves)
MR       .....                  (no boots)
Stlth    ..........             (no amulet)
HPRegen  0.10/turn              (no ring)
MPRegen  0.08/turn              (no ring)

@: no status effects
A: permanent stasis, dig shafts and tunnels, four strong arms, antennae 3
a: Dig, Shaft Self


You were on level 1 of the Dungeon.
You were not hungry.

You visited 1 branch of the dungeon, and saw 1 of its levels.

You collected 28 gold pieces.

Inventory:

Hand Weapons
 a - a +0 flail (weapon)
Armour
 b - a +0 scale mail (worn)
 c - a +0 shield (worn)
Scrolls
 e - a scroll of magic mapping {unknown}
 g - 2 scrolls of remove curse {unknown}
 h - a scroll of teleportation {unknown}
 j - a scroll of identify {unknown}
 l - a scroll of recharging {unknown}
Potions
 d - a potion of might
 k - a potion of lignification {unknown}
Comestibles
 f - a bread ration
 i - 3 chunks of flesh


   Skills:
 * Level 3.7 Fighting
 + Level 2.0 Maces & Flails
 * Level 3.7 Armour
 + Level 0.1 Dodging
 + Level 3.9 Shields


You had 2 spell levels left.
You didn't know any spells.

Dungeon Overview and Level Annotations

Branches:
Dungeon (1/15)

Altars:


Innate Abilities, Weirdness & Mutations

You cannot be hasted, slowed, berserked, paralysed or teleported.
You can dig through walls and to a lower floor.
Your four strong arms can wield two-handed weapons with a shield.
You have a pair of large antennae on your head. (SInv)


Message History

You block the bat's attack. The leopard gecko barely misses you.
The bat hits you but does no damage.
The leopard gecko bites you but does no damage.
The leopard gecko bites you.
* * * LOW HITPOINT WARNING * * *
The bat hits you.
* * * LOW HITPOINT WARNING * * *
The bat hits you but does no damage. The leopard gecko bites you.
* * * LOW HITPOINT WARNING * * *
The leopard gecko misses you. The bat hits you but does no damage.
The leopard gecko misses you. You block the bat's attack.
You block the leopard gecko's attack. The bat hits you but does no damage.
You block the leopard gecko's attack. You block the leopard gecko's attack.
The bat hits you.
* * * LOW HITPOINT WARNING * * *
The bat hits you but does no damage. The leopard gecko barely misses you.
You block the leopard gecko's attack. You block the bat's attack.
You block the leopard gecko's attack. The bat barely misses you.
The leopard gecko bites you.
You die...

#....####...[.....#..#....
{
...[.......######..#.......
#....#####...# .......###+#
##.........#.###.#......
..#####..##.#.#....#
#...†.....#.#....#
#.........# #....#
#..?...b..# #....#
#...@.....# #...
#...l.....# #........... {
#.........#. #...........
#........#.. #.....$..# .
#........#


You could see a leopard gecko and a bat.

Vanquished Creatures
  A dart slug (D:1)
  A giant cockroach (D:1)
  2 goblins (D:1)
  A hobgoblin (D:1)
  4 jackals (D:1)
  A bat (D:1)
  2 frilled lizards (D:1)
  5 kobolds (D:1)
  3 rats (D:1)
20 creatures vanquished.

Notes
Turn   | Place    | Note
-------+----------+-------------------------------------------
     0 | D:1      | terra52 the Formicid Fighter began the quest for the Orb.
     0 | D:1      | Reached XP level 1. HP: 18/18 MP: 1/1
    60 | D:1      | Reached XP level 2. HP: 24/24 MP: 2/2
   292 | D:1      | Reached XP level 3. HP: 29/29 MP: 3/3
   400 | D:1      | HP: 1/30 [leopard gecko (1)]
   407 | D:1      | Slain by a leopard gecko

Vault maps used:
D:1:      dpeg_arrival_more_subterranean_lakeside_camping

Action                   || total
-------------------------++-------
Melee: Flail             ||    49
Armor: Scale mail        ||    93
Dodge: Dodged            ||    68
Block: Shield            ||   123
